 Dungeon Crawl Stone Soup version 0.31-a0-700-gf13585253f (webtiles) character file.

Game seed: 16315139798524646242

31 javelincjr the Trooper (level 3, 29/29 HPs)
             Began as a Demonspawn Berserker on Sept 7, 2023.
             Was a Believer of Trog.
             Quit the game on level 1 of the Dungeon.
             The game lasted 00:02:48 (637 turns).

javelincjr the Trooper (Demonspawn Berserker)        Turns: 637, Time: 00:02:49

Health: 29/29      AC:  2    Str: 19    XL:     3   Next: 7%
Magic:  3/3        EV: 12    Int:  8    God:    Trog [**....]
Gold:   9          SH:  0    Dex: 12    Spells: 2/2 levels left

rFire   . . .        d - +0 short sword (elec)
rCold   . . .        (no shield)
rNeg    . . .        b - +0 animal skin
rPois   .            (no helmet)
rElec   .            (no cloak)
rCorr   .            (no gloves)
SInv    .            (no boots)
Will    .....        (no amulet)
Stlth   +            (no ring)
HPRegen 0.24/turn    (no ring)
MPRegen 0.08/turn

%: no passive effects
@: no status effects
A: claws 1, demonic magic 1
a: Renounce Religion, Berserk, Trog's Hand


You were on level 1 of the Dungeon.
You worshipped Trog.
Trog was pleased with you.
You visited 1 branch of the dungeon, and saw 1 of its levels.

You collected 9 gold pieces.

Inventory:

Hand Weapons
 a - a +0 spear
 d - a +0 short sword of electrocution (weapon)
Armour
 b - a +0 animal skin (worn)
Scrolls
 c - a scroll of identify {unknown}
Potions
 e - 2 potions of haste {unknown}
 f - a potion of curing {unknown}
 g - a potion of berserk rage {unknown}


   Skills:
 + Level 3.3 Fighting
 + Level 3.0 Polearms
 + Level 2.2 Armour
 + Level 2.2 Dodging


You had 2 spell levels left.
You didn't know any spells.
Your spell library was empty.

Dungeon Overview and Level Annotations

Branches:
Dungeon (1/15)

Altars:


Innate Abilities, Weirdness & Mutations

You have sharp fingernails.
Spells you cast may paralyse adjacent enemies.


Message History

A frilled lizard comes into view.
You closely miss the hobgoblin. The ball python bites you.
The ball python misses you. The hobgoblin hits you.
You hit the hobgoblin but do no damage.
Lightning courses through the hobgoblin!
You kill the hobgoblin!
Trog accepts your kill. The ball python bites you.
The ball python barely misses you. x2
The ball python grabs you. The ball python constricts you.
You hit the ball python but do no damage.
The ball python bites you but does no damage. x2
The ball python constricts you. The ball python barely misses you.
You closely miss the ball python. The ball python barely misses you.
The ball python constricts you. The ball python barely misses you.
You hit the ball python.
Lightning courses through the ball python!
You kill the ball python!
Trog accepts your kill.
You can now call upon Trog for regeneration and willpower.
The ball python completely misses you. The ball python grabs you.
The ball python constricts you.
You have reached level 3!
Your experience leads to an increase in your attributes!
Increase (S)trength, (I)ntelligence, or (D)exterity?
You feel stronger. x2; Your demonic ancestry asserts itself...
Your fingernails lengthen.
You hit the ball python.
Lightning courses through the ball python!
You kill the ball python!
Trog accepts your kill.
You hit the frilled lizard.
You kill the frilled lizard!
Trog accepts your kill.
No target in view!
No target in view!
g - a lumpy purple potion Unknown command.
You see here a hobgoblin corpse.
You see here Janem's Beginning Course on Thaumaturgy.
Are you sure you want to abandon this character and quit the game? (Confirm with "yes".)

#........#
.......#.#
###........
........###.
...........
#.........# #
#.........$
#.#.##.:.......
#.....@....####
#.#.##..††.# #
+.....# #.....#
#.....# #.....#
#....†# ########
#.....###......#
###............#


There were no monsters in sight!

Vanquished Creatures
  A dart slug (D:1)
  5 ball pythons (D:1)
  2 bats (D:1)
  4 endoplasms (D:1)
  4 goblins (D:1)
  2 hobgoblins (D:1)
  2 kobolds (D:1)
  2 frilled lizards (D:1)
  2 rats (D:1)
24 creatures vanquished.

Notes
Turn   | Place    | Note
-------+----------+-------------------------------------------
     0 | D:1      | javelincjr the Demonspawn Berserker began the quest for the
                  | Orb.
     0 | D:1      | Reached XP level 1. HP: 18/18 MP: 1/1
   321 | D:1      | Gained mutation: Spells you cast may paralyse adjacent
                  | enemies. [demonic ancestry]
   321 | D:1      | Reached XP level 2. HP: 24/24 MP: 2/2
   591 | D:1      | Reached ** piety under Trog
   592 | D:1      | Gained mutation: You have sharp fingernails. [demonic
                  | ancestry]
   592 | D:1      | Reached XP level 3. HP: 19/29 MP: 3/3
   637 | D:1      | Quit the game

Illustrated notes

Levels and vault maps discovered:
D:1:      dpeg_arrival_castle, layout_basic, solitary_fountain, corner_web_ring,
          minmay_heptomino_o4

Skill      XL: |  1  2 |
---------------+-------+-----
Armour         | 2 |  2.2
Dodging        | 2 |  2.2
Polearms       | 3 |  3.0
Fighting       | |  3.3

Action                     || total
---------------------------++-------
  Melee: Short sword       ||    54
         Spear             ||     1
   Stab: Sleeping          ||     1
 Armour: Animal skin       ||    27
  Dodge: Dodged            ||    32

Table legend: (Time is in decaauts)
 A = Elapsed time spent in this place.
 B = Non-inter-level travel time spent in this place.
 C = Inter-level travel time spent in this place.
 D = Time resting spent in this place.
 E = Time spent auto-exploring this place.
 F = Levels seen in this place.
 G = Mean time per level.
                   A        B        C        D        E       F      G
               +--------+--------+--------+--------+--------+-----+--------+
         Total |    638 |    638 |      0 |     23 |    480 |   1 |  638.0 |
       Dungeon |    638 |    638 |      0 |     23 |    480 |   1 |  638.0 |
               +--------+--------+--------+--------+--------+-----+--------+

Top non-repeatable levels by time:
     D:1: 638 daAuts
